 Dungeon Crawl Stone Soup version 0.17-a0-1678-g710b578 (webtiles) character file.

301 Bubnilka the Skirmisher (level 6, -7/48 HPs)
             Began as a Demonspawn Berserker on Aug 19, 2015.
             Was a Priest of Trog.
             Splashed by a jelly's acid (10 damage)
             ... on level 4 of the Dungeon.
             The game lasted 00:17:16 (3621 turns).

Bubnilka the Skirmisher (Demonspawn Berserker)      Turns: 3621, Time: 00:17:18

Health: -7/48      AC: -2    Str: 20    XL:     6   Next: 14%
Magic:  6/6        EV:  4    Int:  8    God:    Trog [***...]
Gold:   137        SH:  8    Dex: 12    Spells: 0 memorised, 5 levels left

rFire  x . .     SeeInvis .     j - +0 hand axe (chop)
rCold  + . .     Clarity  .     l - +0 plate armour
rNeg   . . .     SustAt   .     n - +0 shield
rPois  .         Gourm    .     p - +0 helmet
rElec  .         Spirit   .     (no cloak)
rCorr  .         Warding  .     (no gloves)
rMut   .         Stasis   .     (no boots)
MR     ++...                    (no amulet)
Stlth  ..........               (no ring)
                                v - ring of ice

@: corroded equipment, regenerating, very resistant to hostile enchantments,
extremely unstealthy
A: talons 1, molten scales 1
a: Burn Spellbooks, Berserk, Trog's Hand, Renounce Religion


You were on level 4 of the Dungeon.
You worshipped Trog.
Trog was most pleased with you.
You were very hungry.

You visited 1 branch of the dungeon, and saw 4 of its levels.

You collected 137 gold pieces.

Inventory:

Hand weapons
 a - a +0 mace
 j - a +0 hand axe of chopping (weapon)
 y - a +0 vampiric falchion
Armour
 b - a +0 animal skin
 l - a +0 plate armour (worn)
 n - a +0 shield (worn)
 p - a +0 helmet (worn)
Jewellery
 v - a ring of ice (left hand)
Scrolls
 d - 2 scrolls of teleportation
 g - a scroll of fear {unknown}
 h - a scroll of magic mapping {unknown}
 i - a scroll of enchant armour {unknown}
 q - 2 scrolls of enchant weapon {unknown}
 s - 2 scrolls of remove curse {unknown}
Potions
 k - a potion of might
 o - a potion of beneficial mutation {unknown}
 t - a potion of haste {unknown}
 u - a potion of heal wounds {unknown}
 w - a potion of degeneration {unknown}
 x - a potion of poison {unknown}
 z - 2 potions of curing {unknown}
 A - a potion of flight {unknown}
Comestibles
 c - 2 bread rations
 f - 4 fruits
 m - a beef jerky
 r - a meat ration


   Skills:
 + Level 4.1 Fighting
 * Level 2.3(3.1) Axes
 - Level 3.1(3.5) Maces & Flails
 + Level 2.3 Armour
 - Level 3.5 Dodging
 - Level 0.2 Stealth
 * Level 1.3 Shields


You had 5 spell levels left.
You didn't know any spells.

Dungeon Overview and Level Annotations

Branches:
Dungeon (4/15)
 Temple: D:4-7

Altars:
Okawaru
Jiyva


Innate Abilities, Weirdness & Mutations

You have sharp toenails.
You are partially covered in molten scales (AC +1).


Message History

* * * LOW HITPOINT WARNING * * *
You are splashed with acid!
The acid burns!
* * * LOW HITPOINT WARNING * * *
Use which ability? (? or * to list)
Your skin crawls.
You feel resistant to hostile enchantments.
You feel slightly more hungry. You block the jelly's attack.
You hit the jelly but do no damage.
Your hands burn!
* * * LOW HITPOINT WARNING * * *
You claw the jelly, but do no damage.
The jelly is severely wounded.
You block the jelly's attack.
You hit the jelly.
Your hands burn!
* * * LOW HITPOINT WARNING * * *
You claw the jelly, but do no damage.
The jelly is almost dead.
The jelly hits you.
* * * LOW HITPOINT WARNING * * *
You are splashed with acid!
The acid corrodes you!
The acid burns!
You die... #..## ........ #..## #....... #.... ..._..# #...#.... ..... #...#..## ..J. #...#(.## JJ#

#...#.... ##J#
#...#..##
+.@##+##..#...#..##
#.........#...#...#
#+##.##.##..#...'...#
######.##.## #
#...#...+ ...+......+
#...#..## ..#<.....#
+..##..## #.##'##.##+#
##.##..#
#.##.##.##.##+###.+...#
+....#............##..#


You could see a jelly and 3 oozes.

Vanquished Creatures
  A scorpion (D:4)
  Ijyb (D:2)
  Natasha (thrice) (D:2)
  Robin (D:2)
  3 gnolls (D:3)
  3 adders
  2 oozes
  A worm (D:2)
  3 giant geckos
  A ball python (D:2)
  13 goblins
  12 hobgoblins
  19 jackals
  A quokka (D:3)
  9 bats
  2 giant cockroaches
  5 giant newts
  9 kobolds
  15 rats
104 creatures vanquished.

Notes
Turn   | Place    | Note
--------------------------------------------------------------
     0 | D:1      | Bubnilka the Demonspawn Berserker began the quest for the Orb.
     0 | D:1      | Reached XP level 1. HP: 18/18 MP: 1/1
   400 | D:1      | Gained mutation: You have sharp toenails. [demonic ancestry]
   400 | D:1      | Reached XP level 2. HP: 16/24 MP: 2/2
   696 | D:1      | Acquired Trog's second power
   925 | D:1      | Gained mutation: You are partially covered in molten scales (AC +1). [demonic ancestry]
   925 | D:1      | Reached XP level 3. HP: 14/29 MP: 3/3
  1621 | D:2      | Found an iron altar of Okawaru.
  1699 | D:2      | Noticed Natasha
  1703 | D:2      | Killed Natasha
  1722 | D:2      | Reached XP level 4. HP: 32/37 MP: 4/4
  1954 | D:2      | Noticed Robin
  1988 | D:2      | Killed Robin
  1988 | D:2      | Reached skill level 1 in Axes
  2065 | D:2      | Noticed Ijyb
  2085 | D:2      | Killed Ijyb
  2085 | D:2      | Reached XP level 5. HP: 42/42 MP: 5/5
  2224 | D:2      | Noticed Natasha
  2234 | D:2      | Killed Natasha
  2288 | D:2      | Noticed Natasha
  2299 | D:2      | Killed Natasha
  2449 | D:2      | Reached skill level 4 in Fighting
  3403 | D:4      | Reached skill level 1 in Shields
  3403 | D:4      | Reached XP level 6. HP: 9/48 MP: 6/6
  3610 | D:4      | Found a viscous altar of Jiyva.
  3621 | D:4      | Splashed by a jelly's acid

Vault maps used:
D:1:      lightli_arrival_statue_moat, corexii_corridor_pit
D:2:      first_bread, serial_co_window_serial, co_window_of_opportunity_a,
          co_window_paths_b, co_window_cross_1, co_window_corner_a,
          co_window_corner_a, co_window_broadway_a, co_window_paths_c,
          co_window_unsneaky_path_d, co_window_corner_cb,
          co_window_of_opportunity_c, glass_columns_c, glass_columns_b,
          glass_columns_b, glass_columns_b, okawaru_ov_weapons_minmay,
          uniq_robin, uniq_natasha, uniq_iyjb
D:3:      st_stairs_12
D:4:      minmay_goblin_kobold_castle, jiyva_altar_1

Action                   |  1- 3 |  4- 6 || total
-------------------------+-------+-------++-------
Melee: Mace              |   117 |       ||   117
       Hand axe          |    10 |   225 ||   235
Invok: Berserk           |       |     2 ||     2
       Trog's Hand       |       |     3 ||     3
  Use: Scroll            |     4 |     2 ||     6
  Eat: Chunk             |     1 |     6 ||     7
       Pizza             |     1 |       ||     1
       Fruit             |       |     2 ||     2
